Map: Ulrena

Players

Mesmer - Winner!

  • Race: Zerg Zerg
  • League: Diamond

LilDicky

  • Race: Terran Terran
  • League: Diamond

VOD

http://www.twitch.tv/tumescentpie

Description

Time

  • Played on: Dec. 24, 2015, 11:35 p.m.
  • Length: 6:11
Show
View Real Time Build Order
Export as new Build Order

Mesmer Zerg - Winner!

Build Orders: Hatch First 

Get SALT Encoding   

  12  0:01  Drone  
  13  0:08  Drone  
  14  0:20  Extractor x2  
  12  0:21  Drone  
  12  0:22  Drone  
  12  0:27  Overlord  
  16  0:46  Drone  
  17  0:56  Hatchery  
  16  0:58  Drone  
  16  1:02  Drone  
  18  1:05  Extractor  
  16  1:18  Spawning Pool  
  16  1:22  Drone  
  16  1:26  Drone  
  17  1:34  Drone  
  18  1:43  Overlord  
  18  1:48  Drone  
  19  1:59  Drone  
  20  2:05  Queen  
  22  2:09  Queen  
  22  2:15  Zergling x2  
  25  2:19  Metabolic Boost  
  25  2:23  Zergling x2  
  25  2:26  Drone  
  25  2:29  Drone  
  28  2:35  Drone x2  
  30  2:40  Drone  
  30  2:42  Drone  
  32  2:49  Queen  
  34  2:54  Overlord  
  34  2:59  Drone  
  34  3:01  Drone  
  36  3:09  Overlord  
  36  3:18  Drone x4  
  36  3:19  Drone x3  
  42  3:27  Zergling x4  
  42  3:31  Spine Crawler  
  43  3:36  Zergling x2  
  43  3:37  Spine Crawler  
  43  3:38  Spore Crawler, Zergling x2  
  43  3:45  Zergling x6  
  43  3:46  Zergling x2  
  46  3:55  Zergling x6  
  47  3:56  Zergling x2  
  47  4:02  Zergling x2  
  44  4:04  Zergling x2  
  33  4:14  Zergling x4  
  34  4:20  Zergling x2  
  31  4:42  Drone  
  31  4:43  Drone, Baneling Nest  
  31  4:48  Drone x3  
  34  4:56  Zergling x2  
  35  5:02  Zergling x8  
  35  5:03  Zergling x2  
  40  5:08  Drone  
  41  5:19  Zergling x4  
  43  5:27  Zergling x2  
  43  5:33  Zergling x8  
  45  5:40  Zergling x4  
  46  5:45  Baneling x7  
  46  5:46  Baneling x3  
  46  5:50  Zergling x2  
  46  5:51  Zergling x2  
  46  5:52  Zergling x2  
Show
View Real Time Build Order
Export as new Build Order

LilDicky Terran 

Build Orders:  

Get SALT Encoding   

  12  0:01  SCV  
  13  0:13  SCV  
  14  0:18  Supply Depot  
  14  0:33  SCV  
  15  0:42  Barracks  
  15  0:45  SCV  
  16  0:57  SCV  
  17  1:09  SCV  
  17  1:24  SCV  
  18  1:37  Supply Depot, Marine  
  18  1:38  Barracks  
  18  1:39  Barracks  
  19  1:42  Orbital Command  
  19  1:54  Marine  
  20  2:05  Barracks  
  20  2:07  Barracks  
  20  2:09  SCV  
  20  2:13  Marine  
  22  2:21  SCV  
  23  2:29  Marine x2  
  25  2:33  SCV  
  25  2:34  Supply Depot, Marine  
  27  2:47  Marine x2  
  29  2:53  SCV  
  29  2:56  Marine x3  
  33  3:04  Supply Depot  
  33  3:05  Marine x2  
  34  3:16  Marine x3  
  34  3:17  SCV  
  38  3:23  Marine  
  39  3:30  Marine  
  39  3:31  SCV  
  39  3:34  Marine x2  
  41  3:38  Marine  
  41  3:40  Marine  
  45  3:43  SCV  
  45  3:48  Marine  
  47  4:02  Marine x2  
  47  4:08  Marine x3  
  34  4:19  Marine  
  34  4:20  Marine  
  30  4:26  Marine x3  
  33  4:37  Marine x2  
  32  4:43  Marine  
  32  4:44  Marine x2  
  30  4:52  Barracks  
  30  4:53  Barracks  
  30  4:54  Barracks  
  30  4:55  Marine x2  
  32  5:01  Marine x2  
  32  5:02  Marine  
  35  5:11  SCV  
  35  5:13  Marine x2  
  38  5:19  Marine x3  
  34  5:31  Marine x2  
  33  5:37  Marine x3  
  33  5:42  Marine  
  31  5:43  Marine  
  31  5:48  Marine x2  
  31  5:49  Marine  
Tags
 
Add a new tag
Caveats
  • Supply blocks, unpowered buildings, or Contaminate may cause inaccurate times.
  • Supply counts are checked every 10 seconds.